 Dungeon Crawl Stone Soup version 0.20-a0-1122-gb7cbeb9 (webtiles) character file.

277 Gorglomux the Charmwright (level 5, 0/44 HPs)
             Began as a Demigod Skald on May 14, 2017.
             Slain by an ogre
             ... wielding a cursed -3 giant club
              (18 damage)
             ... on level 4 of the Dungeon.
             The game lasted 00:05:25 (3100 turns).

Gorglomux the Charmwright (Demigod Skald)           Turns: 3100, Time: 00:05:25

Health: 0/44       AC:  3    Str: 14    XL:     5   Next: 74%
Magic:  8/12       EV: 12    Int: 22    God:
Gold:   83         SH:  0    Dex: 15    Spells: 3/9 levels left

rFire    . . .     SeeInvis .   a - +0 spear
rCold    + . .     Gourm    .   (no shield)
rNeg     . . .     Faith    .   b - +0 leather armour
rPois    .         Spirit   .   (no helmet)
rElec    .         Reflect  .   (no cloak)
rCorr    .         Harm     .   (no gloves)
MR       .....                  (no boots)
Stlth    +.........             (no amulet)
Regen    0.2/turn               l - +3 ring of intelligence
MPRegen  0.2/turn               i - ring of protection from cold {rC+, !d}

@: very slightly contaminated
A: high mp 1
a: no special abilities


You were on level 4 of the Dungeon.
You were very hungry.

You visited 1 branch of the dungeon, and saw 4 of its levels.

You collected 83 gold pieces.

Inventory:

Hand Weapons
 a - a +0 spear (weapon)
Armour
 b - a +0 leather armour (worn)
 g - a +0 helmet
   (You took it off Robin on level 2 of the Dungeon)
Jewellery
 i - a ring of protection from cold (right hand) {rC+, !d}
   (You found it on level 1 of the Dungeon)
 l - a +3 ring of intelligence (left hand)
   (You found it on level 2 of the Dungeon)
Wands
 n - a wand of disintegration (4/24)
   (You found it on level 3 of the Dungeon)
 q - a wand of lightning (7/15)
   (You found it on level 4 of the Dungeon)
Scrolls
 e - 2 scrolls of noise {unknown}
 f - a scroll of amnesia {unknown}
 h - 2 scrolls of immolation {unknown}
 o - 2 scrolls of enchant weapon {unknown}
 p - 2 scrolls of remove curse {unknown}
 r - a scroll of identify {unknown}
Potions
 j - 2 potions of mutation {unknown}
 m - a potion of berserk rage {unknown}
Books
 c - a book of Battle
Comestibles
 d - a bread ration {@e1@e1}
 k - 2 royal jellies


   Skills:
 + Level 2.9 Fighting
 * Level 3.7 Polearms
 - Level 0.8 Armour
 - Level 1.7 Dodging
 * Level 2.9 Spellcasting
 + Level 3.7 Charms


You had 3 spell levels left.
You knew the following spells:

 Your Spells              Type           Power        Failure   Level  Hunger
a - Infusion              Chrm           ###.         3%          1    None
r - Regeneration          Chrm/Necr      ##........   22%         3    ###....
S - Song of Slaying       Chrm           ###.....     4%          2    ##.....


Dungeon Overview and Level Annotations

Branches:
Dungeon (4/15)
 Temple: D:4-7

Annotations:
D:4 1 runed door


Innate Abilities, Weirdness & Mutations

You have an increased reservoir of magic. (+10% MP)


Message History

* * * LOW HITPOINT WARNING * * *
You take 9 damage, and have 13/44 hp.
MASSIVE DAMAGE!!
Unknown command.
Attack whom?
Aim: a phantom (almost destroyed)
You hit the phantom.
The phantom blinks!
You now have 1/11 mp.
Attack whom?
Okay, then.
You are no longer magically infusing your attacks.
The phantom blinks!
Attack whom?
Aim: a phantom (almost destroyed)
You reach to attack!
You miss the phantom.
The phantom blinks!
Attack whom?
Aim: a phantom (almost destroyed)
You hit the phantom but do no damage. The phantom hits you!
* * * LOW HITPOINT WARNING * * *
You take 8 damage, and have 6/44 hp.
Attack whom?
Aim: a phantom (almost destroyed)
You closely miss the phantom.
The phantom blinks!
Your skin crawls.
You now have 0/11 mp.
Unknown command.
Attack whom?
Aim: a phantom (almost destroyed)
You reach to attack!
You hit the phantom but do no damage.
Attack whom?
Aim: a phantom (almost destroyed)
You hit the phantom.
Your skin is crawling a little less now.
The phantom blinks!
The phantom blinks!
You regained 2 hp, and now have 16/44 hp.
Attack whom?
Aim: a phantom (almost destroyed)
You hit the phantom.
Your skin stops crawling.
The phantom hits you.
The phantom blinks!
You take 2 damage, and have 16/44 hp.
The phantom blinks!
Attack whom?
Aim: a phantom (almost destroyed)
You reach to attack!
You hit the phantom.
You destroy the phantom!
You start resting.
You are feeling hungry.
You regained 16 hp, and now have 32/44 hp.
MP restored: 12
q - a wand of lightning (?/15)
You now have 83 gold pieces (gained 7).
You open the door.
There is an open door here.
A giant cockroach comes into view.
You regained 3 hp, and now have 36/44 hp.
A giant cockroach is nearby!
A giant cockroach is nearby!
A giant cockroach is nearby!
You hit the giant cockroach.
You kill the giant cockroach!
No target in view!
No target in view!
No target in view!
o - 2 scrolls labeled ASOWKU VUFIYSO (gained 1)
You open the door.
There is an open door here.
You see here a scale mail.
Found a basalt altar of Yredelemnul.
Health restored: 44
r - a scroll labeled EBBAHOLILA You see here 9 bolts.
Found a stone staircase leading down.
You are feeling very hungry.
An ogre comes into view. It is wielding a giant club.
You see here 13 gold pieces.
An ogre is nearby!
You barely miss the ogre. You hit the ogre.
The ogre hits you with a giant club!!
You take 20 damage, and have 24/44 hp.
MASSIVE DAMAGE!!
Your skin crawls.
The ogre hits you with a giant club!
* * * LOW HITPOINT WARNING * * *
You take 14 damage, and have 10/44 hp.
MASSIVE DAMAGE!!
You now have 9/12 mp.
Your skin is crawling a little less now.
You see here 13 gold pieces.
A hound comes into view.
You regained 2 hp, and now have 17/44 hp.
Your skin stops crawling.
The hound moves out of view.
You miscast Regeneration.
You are very lightly contaminated with residual magic.
Multicoloured lights dance before your eyes!
The ogre hits you with a giant club!!
You die...

#..# #.# #.#...#.#.#
#..# #.# #.###.#.#.#
#..# #.# #..........
#..# #.###.###.#.#.#
#..# #.##......h.# #
#..# #.##..###.###.#
#..# #....>.........
#..########....#.#.#
#..@O.......h###.#
#.#########..# # #.#
#..# #.# #..# #.#
#... #.# ..... #(#
...... #.# ......#
#.#


You could see an ogre.

Vanquished Creatures
  A phantom (D:4)
  A hound (D:3)
  Terence (D:2)
  An orc wizard (D:3)
  Robin (D:2)
  An adder (D:3)
  A worm (D:3)
  2 dart slugs
  2 leopard geckos
  3 orcs (D:3)
  2 giant cockroaches
  17 goblins
  8 hobgoblins
  6 jackals (D:1)
  A quokka (D:2)
  2 ball pythons
  6 bats
  4 frilled lizards
  3 kobolds
  7 rats
70 creatures vanquished.

Notes
Turn   | Place    | Note
-------+----------+-------------------------------------------
     0 | D:1      | Gorglomux the Demigod Skald began the quest for the Orb.
     0 | D:1      | Reached XP level 1. HP: 17/17 MP: 5/5
   201 | D:1      | Reached skill level 2 in Polearms
   204 | D:1      | Reached skill level 2 in Fighting
   273 | D:1      | Reached XP level 2. HP: 24/24 MP: 1/7
   402 | D:1      | Reached skill level 3 in Charms
   815 | D:1      | Learned a level 2 spell: Song of Slaying
   886 | D:2      | Reached XP level 3. HP: 29/29 MP: 6/8
   915 | D:2      | Found a snail-covered altar of Cheibriados.
  1069 | D:2      | Noticed Robin
  1094 | D:2      | HP: 7/30 [goblin/dagger[Robin] (2)]
  1096 | D:2      | Killed Robin
  1367 | D:2      | Noticed Terence
  1391 | D:2      | HP: 7/30 [Terence/short sword (2)]
  1392 | D:2      | Killed Terence
  1392 | D:2      | Reached skill level 3 in Polearms
  1392 | D:2      | Reached skill level 2 in Spellcasting
  1392 | D:2      | Reached XP level 4. HP: 8/37 MP: 2/9
  1416 | D:2      | Learned a level 3 spell: Regeneration
  2014 | D:3      | Reached XP level 5. HP: 40/44 MP: 0/11
  2287 | D:3      | Found a radiant altar of Vehumet.
  2702 | D:4      | Found a runed door.
  2702 | D:4      | Noticed a human
  2725 | D:4      | Noticed a phantom
  2765 | D:4      | HP: 6/44 [phantom (8)]
  2783 | D:4      | Killed a phantom
  2784 | D:4      | Gorglomux: !apt dg
  2784 | D:4      | beem: Dg: Fighting: -1, Short: -1, Long: -1, Axes: -1, Maces: -1, Polearms: -1, Staves: -1, Slings: -1, Bows: -1, Xbows: -1, Throw: -1, Armour: -1, Dodge: -1, Stealth: 0, Shields: -1, UC: -1, Splcast: -2, Conj: -1, Hexes: -1, Charms: -1, Summ: -1, Nec: -1, Tloc: -1, Tmut: -1, Fire: -1, Ice: -1, Air: -1, Earth: -1, Poison: -1, Inv: N/A, Evo: -1, Exp: -2*, HP: 1, MP: 2!
  3003 | D:4      | Found a basalt altar of Yredelemnul.
  3080 | D:4      | Noticed an ogre
  3085 | D:4      | HP: 10/44 [ogre/giant club (15)]
  3100 | D:4      | Slain by an ogre

Vault maps used:
D:1:      eino_arrival_cavern_e
D:2:      lemuel_crystal_altar, uniq_terence, uniq_robin
D:3:      fiery_altar_vehumet
D:4:      dk_yredelemnul_ordeal

Skill      XL: |  1  2  3 |
---------------+----------+-----
Polearms       | 2 3 |  3.7
Fighting       | 2 |  2.9
Charms         | 3 |  3.7
Spellcasting   | 2 |  2.9
Armour         | |  0.8
Dodging        | |  1.7

Action                   |  1- 3 |  4- 6 || total
-------------------------+-------+-------++-------
Melee: Spear             |   134 |   115 ||   249
 Cast: Infusion          |    18 |    11 ||    29
       Song of Slaying   |     2 |       ||     2
       Regeneration      |       |     4 ||     4
 Stab: Sleeping          |     1 |     1 ||     2
  Eat: Chunk             |     2 |     5 ||     7
Armor: Leather armour    |    21 |    12 ||    33
Dodge: Dodged            |    63 |    58 ||   121

Vault maps used:
D:1:      eino_arrival_cavern_e
D:2:      lemuel_crystal_altar, uniq_terence, uniq_robin
D:3:      fiery_altar_vehumet
D:4:      dk_yredelemnul_ordeal

Table legend:
 A = Turns spent in this place as a percentage of turns spent in the entire game.
 B = Non-inter-level travel turns spent in this place as a percentage of non-inter-level travel turns spent in the entire game.
 C = Inter-level travel turns spent in this place as a percentage of turns spent in this place.
 D = Turns resting spent in this place as a percentage of non-inter-level travel turns spent in this place.
 E = Turns spent auto-exploring this place as a percentage of non-inter-level travel turns spent in this place.
 F = Non-inter-level travel turns spent in this place divided by the number of levels of this place that you've seen.
                   A       B       C       D       E      F
               +-------+-------+-------+-------+-------+----------------------
         Total | 100.0 | 100.0 |   0.4 |   4.2 |  11.0 | 210.0
       Dungeon | 100.0 | 100.0 |   0.4 |   4.2 |  11.0 | 210.0
               +-------+-------+-------+-------+-------+----------------------

Table legend:
 A = Kills in this place as a percentage of kills in entire the game.
 B = Kills by you in this place as a percentage of kills by you in the entire game.
 C = Kills by friends in this place as a percentage of kills by friends in the entire game.
 D = Other kills in this place as a percentage of other kills in the entire game.
 E = Experience gained in this place as a percentage of experience gained in the entire game.
 F = Experience gained in this place divided by the number of levels of this place that you have seen.
                   A       B       C       D       E      F
               +-------+-------+-------+-------+-------+----------------------
         Total | 100.0 | 100.0 |  -nan |  -nan | 100.0 |  99.0
       Dungeon | 100.0 | 100.0 |  -nan |  -nan | 100.0 |  99.0
               +-------+-------+-------+-------+-------+----------------------
